 Dungeon Sprint DCSS version 0.17-a0-1655-g88a8506 (webtiles) character file.

912 Kidiri the Covert (level 7, -27/32 HPs)
             Began as a Spriggan Enchanter on Aug 15, 2015.
             Annihilated by a kraken (42 damage)
             ... in the Dungeon (Sprint II: "The Violet Keep of Menkaure").
             The game lasted 00:05:03 (959 turns).

Kidiri the Covert (Spriggan Enchanter)               Turns: 959, Time: 00:05:03

Health: -27/32     AC:  3    Str:  4    XL:     7   Next: 82%
Magic:  9/21       EV: 28    Int: 17    God:
Gold:   972        SH:  0    Dex: 18    Spells: 5 memorised, 13 levels left

rFire  . . .     SeeInvis +     a - +1 dagger
rCold  . . .     Clarity  .     b - +1 robe
rNeg   . . .     SustAt   .     (shield restricted)
rPois  .         Gourm    .     (helmet restricted)
rElec  .         Spirit   .     (no cloak)
rCorr  .         Warding  .     (gloves unavailable)
rMut   .         NoTele   +     (boots unavailable)
MR     +....                    (no amulet)
Stlth  ++++++....               (no ring)
                                (no ring)

@: very quick, somewhat resistant to hostile enchantments, very stealthy
A: unfitting armour, see invisible, herbivore 3, speed 3, slow metabolism 2
a: no special abilities


You were in the Dungeon.
You were not hungry.

You visited 1 branch You collected 972 gold pieces.

Inventory:

Hand weapons
 a - a +1 dagger (weapon)
Armour
 b - a +1 robe (worn)
Scrolls
 j - a scroll of blinking
Potions
 e - a potion of curing
 f - a potion of heal wounds
 g - a potion of haste
 h - 2 potions of magic
 i - a potion of berserk rage
Books
 c - a book of Maledictions

   Spells                             Type                      Level
   a - Corona                         Hexes                        1
   b - Ensorcelled Hibernation        Hexes/Ice                    2
   c - Confuse                        Hexes                        3
   d - Tukima's Dance                 Hexes                        3
   e - Dazzling Spray                 Conjuration/Hexes            3
Comestibles
 d - a bread ration


   Skills:
 + Level 6.2 Short Blades
 * Level 11.3 Dodging
 * Level 12.7 Stealth
 * Level 9.8 Spellcasting
 + Level 3.4 Conjurations
 + Level 7.5 Hexes
 + Level 3.7 Ice Magic


You had 13 spell levels left.
You knew the following spells:

 Your Spells              Type           Power        Failure   Level  Hunger
a - Corona                Hex            ####...      1%          1    None
b - Ensorcelled Hibernat  Hex/Ice        ####..       1%          2    None
c - Confuse               Hex            ####....     1%          3    None
d - Tukima's Dance        Hex            ####....     1%          3    None
e - Dazzling Spray        Conj/Hex       ####....     3%          3    None


Dungeon Overview and Level Annotations

Branches:
Dungeon (1/1)

Altars:
Cheibriados
Dithmenos
Elyvilon
Kikubaaqudgha
Nemelex Xobeh
Ru
Sif Muna
Trog
Yredelemnul
The Shining One
Beogh
Jiyva
Lugonu

Shops:
D :[!(?=[[:%=}:(!%

Annotations:
D exclusion: oklob plant


Innate Abilities, Weirdness & Mutations

You are tiny and cannot use many weapons and most armour.
You have supernaturally acute eyesight.
You are a herbivore.
You cover ground extremely quickly.
You need consume almost no food.


Message History

Found a deep blue altar of Sif Muna.
Really walk into a travel-excluded area?
You are engulfed in a cloud of scalding steam.
Found six altars.
Found five altars.
The helpless kraken fails to defend itself.
You spit the kraken like a pig!!!!
The kraken is heavily wounded.
You are engulfed in a cloud of scalding steam.
The kraken bites you!
Unknown command.
Casting: Ensorcelled Hibernation
Confirm with . or Enter, or press ? or * to list all spells.
Aiming: Ensorcelled Hibernation
Press: ? - help, Shift-Dir - straight line, f/p - kraken
Aim: a kraken (water, heavily wounded, chance to defeat MR: 23%)
The kraken is unaffected.
Tentacles burst out of the water!
The kraken bites you!!!
Ouch! That really hurt!
You die...

≈#.###.# ...#
###.#.####..##
.###'###.##..# #
#.##.###..#..# .# #
##'.<.'.##'..### .##.#
..##.###..#....###...##
.###'###.##.§§.§§≈≈≈≈≈≈≈
#####.####≈≈...§.≈#+####
≈#..##.#≈≈≈§§§§w@§#.....
≈##...##≈≈≈§§§§wXw#....⌠
≈≈##+##≈≈≈≈§≈≈≈w≈≈#..._.
#≈≈≈≈≈≈≈≈≈≈§§§≈≈≈≈#.._._
#+++#+++#≈≈§≈≈≈≈≈≈#._._.
...§ ##≈§≈###≈≈#_._._
.§§§..§##§§ #≈≈#._._.
..§8§..§.+§ #§§#_._._
.....§§..##


You could see a kraken and 4 tentacles.

Vanquished Creatures
  A blink frog (D)
  2 hippogriffs (D)
  A crocodile (D)
  4 brain worms (D)
  4 worker ants (D)
  3 worms (D)
15 creatures vanquished.

Vanquished Creatures (others)
  8 tentacles (D)
  13 tentacle segments (D)
21 creatures vanquished.

Grand Total: 36 creatures vanquished

Notes
Turn   | Place    | Note
--------------------------------------------------------------
     0 | D        | Kidiri the Spriggan Enchanter began the quest for the Orb.
     0 | D        | Reached XP level 1. HP: 9/9 MP: 5/5
     1 | D        | Noticed a hippogriff
     1 | D        | Noticed a hippogriff
     9 | D        | Noticed a brain worm
    14 | D        | Killed a brain worm
    14 | D        | Reached skill level 6 in Dodging
    14 | D        | Reached skill level 7 in Stealth
    14 | D        | Reached skill level 5 in Spellcasting
    14 | D        | Reached XP level 2. HP: 13/13 MP: 6/9
    14 | D        | Reached XP level 3. HP: 16/16 MP: 6/10
    18 | D        | Learned a level 2 spell: Ensorcelled Hibernation
    22 | D        | Learned a level 3 spell: Confuse
    26 | D        | Learned a level 3 spell: Tukima's Dance
    30 | D        | Learned a level 3 spell: Dazzling Spray
    48 | D        | Noticed a brain worm
    49 | D        | Killed a brain worm
    49 | D        | Reached skill level 8 in Stealth
    49 | D        | Reached skill level 1 in Conjurations
    49 | D        | Reached skill level 5 in Hexes
    49 | D        | Reached skill level 1 in Ice Magic
    49 | D        | Reached XP level 4. HP: 21/21 MP: 11/13
    49 | D        | Reached XP level 5. HP: 24/24 MP: 11/14
    71 | D        | Noticed a brain worm
    71 | D        | Noticed a brain worm
    78 | D        | Killed a brain worm
    78 | D        | Reached skill level 9 in Stealth
    82 | D        | Killed a brain worm
    82 | D        | Reached skill level 10 in Stealth
   152 | D        | Noticed a worker ant
   152 | D        | Noticed a worker ant
   159 | D        | Reached XP level 6. HP: 28/28 MP: 17/17
   182 | D        | Noticed a worker ant
   182 | D        | Noticed a worker ant
   183 | D        | Killed a worker ant
   187 | D        | Killed a worker ant
   190 | D        | Killed a worker ant
   192 | D        | Killed a worker ant
   192 | D        | Reached skill level 5 in Short Blades
   365 | D        | Killed a hippogriff
   365 | D        | Reached skill level 10 in Dodging
   365 | D        | Reached skill level 11 in Stealth
   367 | D        | Killed a hippogriff
   367 | D        | Reached skill level 12 in Stealth
   367 | D        | Reached XP level 7. HP: 28/32 MP: 10/20
   425 | D        | Noticed an orange crystal statue
   427 | D        | Noticed a kraken
   428 | D        | Found Lysemp's Food Shoppe.
   664 | D        | Noticed an ice statue
   667 | D        | Noticed a crocodile
   669 | D        | Killed a crocodile
   833 | D        | Found Binul's Distillery.
   834 | D        | Found Ivuorch's Book Shoppe.
   835 | D        | Found Misudgh's Food Shoppe.
   835 | D        | Found Saylegudi's Book Emporium.
   835 | D        | Found Upriesom's Antique Armour Shoppe.
   836 | D        | Noticed a blink frog
   838 | D        | Killed a blink frog
   842 | D        | Found Ger Roev's Jewellery Emporium.
   842 | D        | Found Zyipp's Magic Scroll Shoppe.
   872 | D        | Noticed a kraken
   892 | D        | Found Dihiun's Gadget Shoppe.
   892 | D        | Found Kell's Antique Weapon Shoppe.
   892 | D        | Found Jiuhoddad's Antique Armour Emporium.
   892 | D        | Found Remacloy's Jewellery Emporium.
   893 | D        | Found Ronicuom's Antique Weapon Emporium.
   894 | D        | Found Butawogek's Distillery.
   894 | D        | Found Aviluirph's Armour Emporium.
   894 | D        | Noticed a slime creature
   896 | D        | Noticed a slime creature
   897 | D        | Noticed a slime creature
   897 | D        | Noticed an oklob plant
   898 | D        | Found Fuoquez's Book Shoppe.
   901 | D        | Noticed a hippogriff
   901 | D        | Noticed a hippogriff
   902 | D        | Noticed a hippogriff
   954 | D        | Found a sparkling altar of Nemelex Xobeh.
   955 | D        | Found a deep blue altar of Sif Muna.
   955 | D        | Found an ancient bone altar of Kikubaaqudgha.
   955 | D        | Found a shadowy altar of Dithmenos.
   956 | D        | Found a snail-covered altar of Cheibriados.
   956 | D        | Found a roughly hewn altar of Beogh.
   956 | D        | Found a basalt altar of Yredelemnul.
   956 | D        | Found a white marble altar of Elyvilon.
   957 | D        | Found a glowing golden altar of the Shining One.
   957 | D        | Found a bloodstained altar of Trog.
   957 | D        | Found a corrupted altar of Lugonu.
   957 | D        | Found a viscous altar of Jiyva.
   957 | D        | Found a sacrificial altar of Ru.
   959 | D        | Annihilated by a kraken

Vault maps used:
D:        the_violet_keep_of_menkaure

Action                   |  1- 3 |  4- 6 |  7- 9 || total
-------------------------+-------+-------+-------++-------
Melee: Dagger            |     2 |    12 |     4 ||    18
 Cast: Ensorcelled Hiber |       |    16 |     4 ||    20
       Confuse           |       |     1 |     1 ||     2
       Dazzling Spray    |       |       |     2 ||     2
 Stab: Sleeping          |     2 |    10 |     3 ||    15
       Confused          |       |     1 |       ||     1
